AoeStats
← Failed Math Test

Hideout

510003272Analyzed
1v1 RM · 2d ago on Sep 29, 2026· 17m 0s· 2 players
Game mode
Random Map
Map size
Tiny (2 player)
Population
200
Speed
Normal
Resources
Standard
Victory
Conquest
Starting age
Dark Age
Ending age
Imperial Age
RankedLock teamsTeams togetherTeam positionsShared explorationLock speedFull tech treeHidden civsTurbo modeCheats
Victory
Defeat
🇨🇦 Spanish · Canada
1126
+16
🇲🇽 Cumans · Mexico
1130
-16
Failed Math Test
10:02 Feudal Age
10:49 Double-Bit Axe
13:07 Loom
17:33 Castle Age
VX | Xhelazz
6:57 Loom
10:01 Feudal Age
10:30 Double-Bit Axe
12:30 Fletching
Connection lost

Rejoining the realm…

Still unreachable

The connection could not be restored.

Session expired

The server has moved on; the page needs a fresh start.